AoeStats
← Realm_Gabolski

Black Forest

503864613Analyzed
4v4 RM · 29d ago on Sep 2, 2026· 79m 22s· 8 players
Game mode
Random Map
Map size
Large (8 player)
Population
200
Speed
Normal
Resources
Standard
Victory
Conquest
Starting age
Dark Age
Ending age
Imperial Age
RankedLock teamsTeams togetherTeam positionsShared explorationLock speedFull tech treeHidden civsTurbo modeCheats
Victory
Defeat
🇩🇪 Inca · Germany
773
+14
🇫🇷 Britons · France
771
+15
🇩🇪 Hindustanis · Germany
767
+15
🇨🇦 Bohemians · Canada
762
+15
🇨🇿 Franks · Czechia
804
-18
🇳🇱 Poles · Netherlands
775
-16
🇦🇹 Persians · Austria
692
-13
🇷🇺 Spanish · Russia
690
-12
xxnz6821
15:08 Feudal Age
16:25 Wheelbarrow
15:33 Horse Collar
15:40 Double-Bit Axe
15:46 Gold Mining
15:47 Stone Mining
20:54 Castle Age
19:27 Scale Mail Armor
19:11 Champi Runner
19:37 Arson
21:57 Forging
21:40 Fletching
22:05 Bow Saw
21:57 Heavy Plow
22:33 Stone Shaft Mining
21:52 Champi Warrior
23:54 Padded Archer Armor
24:36 Squires
27:32 Hand Cart
27:43 Caravan
29:07 Gold Shaft Mining
28:48 Treadmill Crane
30:11 Chain Mail Armor
30:45 Fortified Wall
31:47 Thumb Ring
33:25 Ballistics
33:41 Andean Sling
34:28 Iron Casting
34:09 Leather Archer Armor
35:05 Pikeman
39:05 Imperial Age
37:10 Masonry
40:22 Conscription
40:06 Fabric Shields
41:12 Plate Mail Armor
41:13 Elite Kamayuk
43:49 Crop Rotation
45:42 Chemistry
45:17 Ring Archer Armor
46:44 Elite Champi Warrior
51:26 Bodkin Arrow
52:32 Blast Furnace
54:55 Arrowslits
58:48 Halberdier
62:13 Bracer
Nino
6:21 Loom
15:28 Feudal Age
22:06 Bloodlines
24:09 Castle Age
22:50 Wheelbarrow
23:16 Gold Mining
23:18 Stone Mining
23:18 Horse Collar
23:42 Double-Bit Axe
28:21 Gold Shaft Mining
27:51 Heavy Plow
28:44 Bow Saw
30:01 Fervor
33:21 Imperial Age
33:09 Caravan
34:47 Scale Barding Armor
34:53 Forging
36:35 Heavy Camel Rider
37:16 Husbandry
37:42 Chain Barding Armor
37:58 Iron Casting
58:26 Imperial Camel Rider
61:22 Murder Holes
63:05 Hand Cart
70:14 Two-Man Saw
73:14 Coinage
72:34 Town Watch
79:38 Chemistry
79:00 Ballistics
78:50 Fortified Wall
78:47 Siege Engineers
78:52 Masonry
79:23 Plate Barding Armor
79:50 Blast Furnace
Realm_Gabolski
1:53 Loom
13:40 Feudal Age
18:06 Castle Age
16:27 Double-Bit Axe
18:29 Wheelbarrow
19:47 Horse Collar
20:33 Bow Saw
24:47 Heavy Plow
27:42 Scale Mail Armor
27:54 Forging
27:47 Padded Archer Armor
27:29 Pikeman
28:10 Squires
31:04 Hand Cart
32:34 Caravan
35:15 Imperial Age
33:29 Arson
34:53 Chemistry
34:13 Ballistics
34:09 Masonry
35:48 Wagenburg Tactics
35:34 Halberdier
45:03 Houfnice
47:47 Fortified Wall
47:33 Murder Holes
47:51 Fortified Wall
47:52 Masonry
49:51 Leather Archer Armor
50:14 Iron Casting
49:54 Chain Mail Armor
54:15 Town Watch
55:35 Blast Furnace
55:13 Plate Mail Armor
59:33 Fletching
60:14 Ring Archer Armor
63:46 Two-Man Saw
64:11 Conscription
71:10 Siege Engineers
71:35 Architecture
72:32 Guilds
72:19 Bodkin Arrow
74:41 Bracer
75:24 Treadmill Crane
benjiwoo
6:29 Loom
8:57 Feudal Age
12:52 Wheelbarrow
14:04 Town Watch
18:08 Castle Age
16:42 Double-Bit Axe
16:41 Horse Collar
20:14 Bow Saw
21:50 Pikeman
21:52 Crossbowman
22:42 Squires
22:44 Scale Mail Armor
22:37 Fletching
30:17 Imperial Age
29:55 Padded Archer Armor
30:04 Bodkin Arrow
31:59 Gold Mining
33:29 Two-Man Saw
33:40 Gold Shaft Mining
34:31 Leather Archer Armor
34:17 Bracer
34:59 Halberdier
36:53 Ring Archer Armor
36:47 Conscription
38:16 Hand Cart
38:03 Town Patrol
38:24 Chain Mail Armor
38:35 Yeomen
38:59 Ballistics
38:20 Treadmill Crane
38:36 Murder Holes
41:46 Elite Longbowman
42:40 Heavy Plow
42:49 Caravan
46:10 Warwolf
48:33 Warwolf
54:02 Onager
58:01 Guilds
65:20 Elite Skirmisher
66:33 Plate Mail Armor
66:14 Forging
66:10 Scale Barding Armor
79:13 Chemistry
78:05 Heated Shot
78:26 Masonry
78:21 Siege Engineers
Crassus
11:11 Feudal Age
16:24 Castle Age
14:57 Scale Barding Armor
15:30 Double-Bit Axe
17:25 Horse Collar
24:40 Wheelbarrow
24:48 Loom
27:15 Forging
27:26 Chain Barding Armor
29:26 Iron Casting
29:20 Caravan
31:02 Hand Cart
31:00 Szlachta Privileges
30:26 Light Cavalry
32:04 Bloodlines
31:54 Husbandry
36:34 Imperial Age
40:10 Cavalier
47:19 Elite Obuch
48:22 Lechitic Legacy
48:25 Conscription
52:09 Hoardings
51:04 Sappers
52:22 Winged Hussar
56:17 Chemistry
55:42 Ballistics
55:03 Treadmill Crane
55:34 Masonry
55:30 Siege Engineers
55:35 Fortified Wall
55:16 Guard Tower
55:11 Arrowslits
62:37 Blast Furnace
63:48 Onager
OndrejJS
13:42 Feudal Age
14:15 Double-Bit Axe
23:57 Castle Age
21:54 Stone Mining
21:58 Gold Mining
25:04 Bow Saw
32:27 Imperial Age
32:32 Cavalier
34:24 Husbandry
34:32 Scale Barding Armor
34:38 Forging
34:28 Scale Mail Armor
36:00 Gold Shaft Mining
37:29 Chain Mail Armor
38:33 Paladin
43:24 Plate Mail Armor
43:46 Wheelbarrow
45:41 Chain Barding Armor
46:17 Iron Casting
47:45 Pikeman
48:25 Squires
48:11 Arson
48:12 Gambesons
49:28 Caravan
50:38 Halberdier
53:15 Blast Furnace
52:51 Plate Barding Armor
59:34 Elite Throwing Axeman
59:40 Light Cavalry
60:45 Conscription
60:49 Hand Cart
64:07 Onager
65:06 Fortified Wall
64:51 Murder Holes
65:17 Ballistics
65:58 Chemistry
68:17 Chivalry
Maniac313
10:43 Feudal Age
17:04 Castle Age
22:21 Wheelbarrow
31:26 Imperial Age
29:43 Hand Cart
29:14 Loom
30:14 Town Watch
31:21 Kamandaran
31:37 Double-Bit Axe
31:34 Horse Collar
31:48 Gold Mining
34:10 Heavy Plow
34:24 Bow Saw
34:18 Padded Archer Armor
35:46 Murder Holes
36:02 Masonry
36:14 Caravan
36:57 Town Patrol
38:02 Chemistry
37:16 Guilds
38:09 Crossbowman
38:55 Thumb Ring
39:12 Stone Mining
40:27 Two-Man Saw
40:00 Crop Rotation
39:33 Scale Mail Armor
39:44 Forging
39:24 Fletching
39:50 Leather Archer Armor
40:08 Architecture
40:30 Chain Mail Armor
39:54 Cavalier
42:08 Hoardings
42:39 Conscription
45:52 Elite War Elephant
47:51 Iron Casting
47:11 Bodkin Arrow
47:47 Ring Archer Armor
47:48 Plate Mail Armor
47:34 Pikeman
51:03 Halberdier
51:43 Squires
51:29 Arson
53:32 Citadels
53:26 Man-at-Arms
53:52 Gambesons
55:57 Blast Furnace
55:03 Scale Barding Armor
58:52 Chain Barding Armor
60:05 Savar
60:46 Husbandry
60:57 Bloodlines
72:03 Heated Shot
RusMan-RF-1966
5:04 Loom
15:13 Feudal Age
16:51 Double-Bit Axe
22:58 Castle Age
20:58 Stone Mining
22:05 Horse Collar
22:25 Fishing Lines
28:51 Town Watch
29:24 Fletching
30:17 Wheelbarrow
32:05 Bow Saw
35:05 Imperial Age
32:38 Heavy Plow
34:06 Bodkin Arrow
34:22 Forging
36:20 Hand Cart
37:31 Stone Shaft Mining
36:47 Gold Mining
39:52 Masonry
40:52 Hoardings
39:48 Sappers
40:26 Bracer
43:03 Padded Archer Armor
44:08 Chemistry
43:40 Architecture
44:20 Two-Man Saw
43:43 Conscription
43:32 Gillnets
45:07 Ballistics
44:38 Guard Tower
46:08 Supremacy
46:35 Bombard Tower
46:19 Caravan
46:49 Coinage
46:45 Town Patrol
48:41 Scale Barding Armor
48:36 Scale Mail Armor
48:52 Leather Archer Armor
49:12 Iron Casting
48:40 Onager
49:34 Cavalier
49:34 Light Cavalry
50:25 Bloodlines
50:16 Husbandry
52:03 Banking
55:58 Blast Furnace
55:14 Chain Mail Armor
55:29 Ring Archer Armor
56:02 Keep
56:28 Chain Barding Armor
56:57 Hussar
58:12 Plate Mail Armor
57:56 Guilds
59:39 Fortified Wall
59:15 Arrowslits
61:41 Plate Barding Armor
65:07 Man-at-Arms
65:47 Squires
66:10 Murder Holes
66:37 Inquisition
68:17 Paladin
73:37 Elite Skirmisher
Connection lost

Rejoining the realm…

Still unreachable

The connection could not be restored.

Session expired

The server has moved on; the page needs a fresh start.